 Dungeon Crawl Stone Soup version 0.29.0 (webtiles) character file.

Game seed: 7533850083269713278

52 catcat the Trooper (level 3, -4/34 HPs)
             Began as a Minotaur Fighter on Aug 31, 2022.
             Slain by Sigmund
             ... wielding a +1 antimagic scythe
              (5 damage)
             ... on level 2 of the Dungeon.
             The game lasted 00:01:22 (814 turns).

catcat the Trooper (Minotaur Fighter)                Turns: 814, Time: 00:01:23

Health: -4/34      AC:  6    Str: 22    XL:     3   Next: 60%
Magic:  0/2        EV:  9    Int:  5    God:
Gold:   82         SH:  4    Dex:  9    Spells: 2/2 levels left

rFire   . . .      SeeInvis .   a - +0 war axe
rCold   . . .      Faith    .   c - +0 buckler
rNeg    . . .      Spirit   .   b - +0 scale mail
rPois   .          Reflect  .   (helmet restricted)
rElec   .          Harm     .   (no cloak)
rCorr   .          Rampage  .   (no gloves)
Will    .....                   (no boots)
Stlth   ..........              (no amulet)
HPRegen 0.11/turn               (no ring)
MPRegen 0.08/turn               (no ring)

@: mighty
A: horns 2, retaliatory headbutt
a: no special abilities


You were on level 2 of the Dungeon.
You visited 1 branch of the dungeon, and saw 2 of its levels.

You collected 82 gold pieces.

Inventory:

Hand Weapons
 a - a +0 war axe (weapon)
Armour
 b - a +0 scale mail (worn)
 c - a +0 buckler (worn)
Scrolls
 f - 2 scrolls of enchant armour {unknown}
Potions
 e - 2 potions of heal wounds {unknown}
 g - 2 potions of curing {unknown}
 h - a potion of flight {unknown}
 i - a potion of invisibility {unknown}
 j - a potion of berserk rage {unknown}
 k - a potion of haste {unknown}


   Skills:
 + Level 4.3 Fighting
 * Level 4.2 Axes
 - Level 3.6 Armour
 - Level 3.6 Shields


You had 2 spell levels left.
You didn't know any spells.
Your spell library contained the following spells:

 Spells                   Type           Power      Damage    Failure   Level
 Summon Lightning Spire   Summ/Air       0%         N/A       100%        4
 Storm Form               Tmut/Air       0%         N/A       100%        7
 Maxwell's Capacitive Co  Air            0%         ∞         100%        8


Dungeon Overview and Level Annotations

Branches:
Dungeon (2/15)

Altars:

Annotations:
D:2 Sigmund


Innate Abilities, Weirdness & Mutations

You have a pair of horns on your head.
You reflexively headbutt those who attack you in melee.


Message History

An endoplasm comes into view.
The endoplasm quivers.
Sigmund points at you and mumbles some strange words.
The magic dart hits you.
You slash Sigmund!
Sigmund is moderately wounded.
Sigmund closely misses you.
You closely miss Sigmund.
Sigmund is moderately wounded.
Sigmund hits you but does no damage.
You barely miss Sigmund.
Sigmund is moderately wounded.
Sigmund gestures wildly while chanting.
Sigmund flickers and vanishes!
Deactivating autopickup; reactivate with Ctrl-A.
You feel very mighty all of a sudden. Something hits you but does no damage.
You closely miss something. Your headbutt misses something.
You slash the endoplasm!
You kill the endoplasm!
Something hits you.
You closely miss something.
An adder comes into view.
You miss something.
You hear some strange, mumbled words.
A magic dart appears from out of thin air!
The magic dart hits you. Something hits you.
You barely miss something. Something hits you but does no damage.
You miss something. Your headbutt misses something. You slash something!
Your headbutt misses something. Something hits you but does no damage.
The adder bites you.
You slice the adder!!
You kill the adder!
You hit something. Something hits you.
* * * LOW HITPOINT WARNING * * *
You feel your power leaking away.
You barely miss something. Your headbutt misses something. Something hits you!
* * * LOW HITPOINT WARNING * * *
You miss something. Something hits you.
You die...

.# .# #. ..# #. # ..#
##.####. ..!# #..
.......###...# .§#
#......†.{...# #.##.#
#..# ##@....## #.##.#
#..####.......#
#.##.#
#.....).......#
#.##^#
##[####.......#
#.##.# #.# ##.....##
#.##.# #.# ##...##
#.##.#####.#######.##
................# .#
#..................#


There were no monsters in sight!

Vanquished Creatures
  2 adders (D:2)
  6 endoplasms
  A giant cockroach (D:1)
  5 hobgoblins
  A quokka (D:1)
  6 ball pythons
  A bat (D:1)
  3 frilled lizards
  4 goblins
  3 kobolds (D:1)
  A rat (D:2)
33 creatures vanquished.

Notes
Turn   | Place    | Note
-------+----------+-------------------------------------------
     0 | D:1      | catcat the Minotaur Fighter began the quest for the Orb.
     0 | D:1      | Reached XP level 1. HP: 19/19 MP: 0/0
   159 | D:1      | Reached XP level 2. HP: 27/27 MP: 1/1
   622 | D:2      | Reached XP level 3. HP: 30/33 MP: 2/2
   798 | D:2      | Noticed Sigmund
   813 | D:2      | HP: 1/34 [something (8)]
   814 | D:2      | Slain by Sigmund

Illustrated notes

Levels and vault maps discovered:
D:1:      dpeg_arrival_houses_and_road, layout_rooms
D:2:      layout_loops_ring, shapermc_ecumenical_altar_venn, uniq_sigmund

Skill      XL: |  1  2  3 |
---------------+----------+-----
Axes           | 3 4 |  4.2
Fighting       | 4 |  4.3
Armour         | |  3.6
Shields        | |  3.6

Action                   || total
-------------------------++-------
Melee: War axe           ||    82
       Headbutt          ||     6
  Use: Potion            ||     1
Armor: Scale mail        ||    38
Dodge: Dodged            ||    35
Block: Buckler           ||    11
